 Dungeon Crawl Stone Soup version 0.22-a0-271-gc000056a37 (webtiles) character file.

11168 Peterchen the Severer (level 11, -18/123 HPs)
             Began as a Minotaur Berserker on Mar 10, 2018.
             Was a High Priest of Trog.
             Demolished by a large abomination (30 damage)
             ... on level 1 of the Abyss.
             The game lasted 00:26:08 (7339 turns).

Peterchen the Severer (Minotaur Berserker)          Turns: 7339, Time: 00:26:08

Health: -18/123    AC: 14    Str: 30    XL:     11   Next: 45%
Magic:  10/10      EV:  8    Int:  4    God:    Trog [*****.]
Gold:   329        SH:  0    Dex: 10    Spells: 10/10 levels left

rFire    + . .     SeeInvis +   H - +2 battleaxe (flame)
rCold    + + .     Gourm    .   (shield currently unavailable)
rNeg     + . .     Faith    .   K - +0 plate armour {rC+}
rPois    +         Spirit   .   y - +1 hat
rElec    +         Reflect  .   p - scarf {rC+ rF+}
rCorr    +         Harm     .   G - +1 pair of gloves of Raagioh {rN+ rCorr}
MR       .....                  (no boots)
Stlth    ..........             n - amulet of regeneration
HPRegen  0.70/turn              r - ring of Mocasu {rElec MR- SInv Stlth+}
MPRegen  0.12/turn              u - ring of poison resistance

@: berserking, very slightly contaminated, very quick
A: retaliatory headbutt, horns 2
a: Berserk, Trog's Hand, Brothers in Arms, Renounce Religion


You were on level 1 of the Abyss.
You worshipped Trog.
Trog was extremely pleased with you.
You were hungry.

You visited 1 branch of the dungeon, and saw 10 of its levels.
You visited the Abyss 1 time.
You also visited: Bailey.

You collected 697 gold pieces.
You spent 368 gold pieces at shops.

Inventory:

Hand Weapons
 H - a +2 battleaxe of flaming (weapon)
Missiles
 t - 13 javelins (quivered)
 C - 47 tomahawks of returning
Armour
 p - a scarf of resistance (worn)
 y - a +1 hat (worn)
 G - the +1 pair of gloves of Raagioh (worn) {rN+ rCorr}
   (You bought it in a shop on level 9 of the Dungeon)

   It protects you from negative energy.
   It protects you from acid and corrosion.
 K - a +0 plate armour of cold resistance (worn)
Jewellery
 n - an amulet of regeneration (around neck)
 r - the ring of Mocasu (left hand) {rElec MR- SInv Stlth+}
   (You found it on level 9 of the Dungeon)

   [ring of see invisible]

   It insulates you from electricity.
   It affects your resistance to hostile enchantments.
   It lets you see invisible.
   It makes you more stealthy.
 s - an uncursed ring of protection from fire
 u - a ring of poison resistance (right hand)
 I - a cursed -2 ring of slaying {unknown}
Wands
 x - a wand of iceblast (17)
 A - a wand of random effects (76)
 D - a wand of scattershot (5)
Scrolls
 d - a scroll of magic mapping
 e - 3 scrolls of blinking
 g - 4 scrolls of teleportation
 h - 2 scrolls of enchant weapon
 j - a scroll of random uselessness
 m - 2 scrolls of fog
 o - a scroll of immolation
 q - 2 scrolls of amnesia {unknown}
 B - 5 scrolls of remove curse
 E - 3 scrolls of fear {unknown}
 F - a scroll of vulnerability {unknown}
Potions
 a - a potion of flight
 b - a potion of curing
 f - a potion of lignification
 i - 2 potions of might
 l - 4 potions of degeneration
 v - 3 potions of heal wounds {unknown}
 w - 2 potions of invisibility {unknown}
 z - 4 potions of mutation {unknown}
Miscellaneous
 J - a lamp of fire
Comestibles
 c - 16 rations


   Skills:
 - Level 3.6 Fighting
 * Level 19.8 Axes
 - Level 2.4 Armour
 - Level 2.1 Dodging


You had 10 spell levels left.
You didn't know any spells.

Dungeon Overview and Level Annotations

Branches:
Dungeon (10/15)            Temple (0/1) D:4             Orc (0/2) D:10
   Lair: D:8-11

Altars:
Ashenzari
Elyvilon
Makhleb
Sif Muna
Vehumet

Shops:
D:6 [   D:9 [


Innate Abilities, Weirdness & Mutations

You reflexively headbutt those who attack you in melee.
You have a pair of horns on your head.


Message History

You feel yourself moving faster!
You feel mighty!
You are feeling hungry.
A starcursed mass splits.
The starcursed mass engulfs you but does no damage.
You slash the starcursed mass! You burn the starcursed mass.
The starcursed mass is moderately damaged.
The starcursed mass shudders and is absorbed by its neighbour.
A starcursed mass splits.
You slice the starcursed mass!! You burn the starcursed mass!
You feel the power of Trog in you as your rage grows.
You destroy the starcursed mass!
Trog accepts your kill.
Your iron troll bites the large abomination!!!
The large abomination is destroyed!
Trog accepts your kill.
Your plate armour prevents you from hitting the large abomination.
You slice the large abomination!! You burn the large abomination.
The large abomination is severely damaged.
The large abomination hits you!!
You die...

#.. ......
..#.. # #.
...#...#.#.#.
# ..#..#....
##.###
....#.....
.### #..#.#.
##.#
###...X#T.##
. #..#
.XX.#.# ..#
#..#.#X####
.......#.##@#
# ###.
XX##### #
.X... ##.
#... .# #..#
.. . .#. . .
. .. .


You could see 3 starcursed masses, a large abomination and a friendly iron troll
(berserk).

Vanquished Creatures
  Gastronok (D:8)
  A two-headed ogre (D:9)
  Urug (D:10)
  The ghost of NooBeakApe the Poker, a novice NaWr of Makhleb (D:8)
  A guardian serpent (shapeshifter) (D:9)
  The ghost of RedPan the Insei, a novice DsMo of Cheibriados (D:4)
  An efreet (D:9)
  A komodo dragon (shapeshifter) (D:9)
  2 slime creatures (D:6)
  A hippogriff (D:10)
  A starcursed mass (Abyss:1)
  A shadow (D:9)
  A wraith (D:9)
  Sigmund (D:5)
  A basilisk (D:9)
  A hungry ghost (D:8)
  Duvessa (D:5)
  4 ice beasts
  2 black bears (D:7)
  2 sky beasts (D:7)
  5 orc warriors
  2 ogres
  3 centaurs
  A big kobold (D:7)
  9 bullfrogs
  Dowan (D:5)
  4 scorpions
  A howler monkey (D:4)
  7 jellies
  5 crimson imps
  A centaur zombie (D:8)
  A quasit (D:9)
  6 hounds
  6 orc wizards
  2 centaur skeletons
  3 orc priests
  3 iguanas
  Ijyb (D:5)
  Natasha (thrice) (D:3)
  10 worker ants
  A howler monkey zombie (D:5)
  10 gnolls
  14 adders
  2 shadow imps
  3 oozes (D:6)
  An adder skeleton (D:6)
  A worm (D:3)
  4 dart slugs
  8 leopard geckos
  20 orcs
  3 giant cockroaches
  9 goblins
  10 hobgoblins
  9 jackals
  32 kobolds
  3 quokkas
  2 ball pythons (D:3)
  9 bats
  9 frilled lizards
  2 giant cockroach zombies
  2 leopard gecko zombies
  A quokka skeleton (D:7)
  10 rats
  A fungus (D:6)
266 creatures vanquished.

Vanquished Creatures (collateral kills)
  A rakshasa (Abyss:1)
  An efreet (Abyss:1)
  A large abomination (Abyss:1)
  A chaos spawn (Abyss:1)
  A hell hound (Abyss:1)
  4 orc warriors (Bailey)
  2 small abominations (Abyss:1)
  A crimson imp (D:6)
  A quasit (Abyss:1)
  3 orcs
  3 hobgoblins (Bailey)
19 creatures vanquished.

Vanquished Creatures (others)
  A fungus (D:6)
  8 toadstools (D:6)
9 creatures vanquished.

Grand Total: 294 creatures vanquished

Notes
Turn   | Place    | Note
-------+----------+-------------------------------------------
     0 | D:1      | Peterchen the Minotaur Berserker began the quest for the Orb.
     0 | D:1      | Reached XP level 1. HP: 19/19 MP: 0/0
   129 | D:1      | Reached skill level 4 in Axes
   210 | D:1      | Reached XP level 2. HP: 23/26 MP: 1/1
   668 | D:1      | Reached skill level 5 in Axes
   727 | D:1      | You fall through a shaft!
   751 | D:2      | Found a burning altar of Makhleb.
   762 | D:2      | Reached ** piety under Trog
   762 | D:2      | Reached XP level 3. HP: 26/31 MP: 2/2
   893 | D:2      | Reached skill level 6 in Axes
   893 | D:2      | Reached XP level 4. HP: 39/39 MP: 3/3
  1088 | D:2      | Found a shattered altar of Ashenzari.
  1618 | D:3      | Noticed Natasha
  1624 | D:3      | Reached XP level 5. HP: 45/45 MP: 4/4
  1629 | D:3      | Killed Natasha
  1629 | D:3      | Reached skill level 7 in Axes
  1651 | D:3      | Noticed Natasha
  1659 | D:3      | Killed Natasha
  1663 | D:3      | Noticed Natasha
  1671 | D:3      | Killed Natasha
  1752 | D:3      | Reached *** piety under Trog
  1959 | D:3      | Found a faded altar of an unknown god.
  2008 | D:4      | Reached skill level 8 in Axes
  2030 | D:4      | Reached XP level 6. HP: 50/51 MP: 5/5
  2044 | D:4      | Noticed RedPan's ghost (novice DsMo)
  2057 | D:4      | Reached skill level 9 in Axes
  2058 | D:4      | Killed RedPan's ghost
  2058 | D:4      | Reached skill level 10 in Axes
  2058 | D:4      | Reached XP level 7. HP: 25/57 MP: 6/6
  2363 | D:4      | Found a staircase to the Ecumenical Temple.
  2460 | D:4      | Reached skill level 11 in Axes
  2968 | D:5      | Entered Level 5 of the Dungeon
  2992 | D:5      | Found a radiant altar of Vehumet.
  3042 | D:5      | Noticed Sigmund
  3048 | D:5      | Killed Sigmund
  3048 | D:5      | Reached XP level 8. HP: 64/64 MP: 7/7
  3268 | D:5      | Noticed Duvessa
  3269 | D:5      | Noticed Dowan
  3283 | D:4      | Reached skill level 12 in Axes
  3294 | D:5      | Reached **** piety under Trog
  3296 | D:5      | Killed Duvessa
  3306 | D:5      | Killed Dowan
  3429 | D:5      | Found a white marble altar of Elyvilon.
  3429 | D:5      | Found a radiant altar of Vehumet.
  3483 | D:5      | Noticed Ijyb
  3496 | D:5      | Killed Ijyb
  3558 | D:5      | Found a deep blue altar of Sif Muna.
  3711 | D:6      | Found Saeniuc's Armour Shoppe.
  3930 | D:6      | Reached skill level 13 in Axes
  3980 | D:6      | Got a translucent ring mail
  3984 | D:6      | Identified the +1 ring mail "Huust" {rF+++ rN+ Str+2 Int-3} (You found it on level 6 of the Dungeon)
  4125 | D:6      | Reached XP level 9. HP: 49/70 MP: 8/8
  4303 | D:6      | Reached skill level 14 in Axes
  4700 | D:7      | Reached skill level 15 in Axes
  4799 | D:7      | Reached ***** piety under Trog
  4939 | D:7      | Reached skill level 16 in Axes
  5432 | D:8      | Reached XP level 10. HP: 75/77 MP: 9/9
  5436 | D:8      | Noticed NooBeakApe's ghost (novice NaWr)
  5450 | D:8      | Killed NooBeakApe's ghost
  5621 | D:8      | Noticed Gastronok
  5639 | D:8      | Killed Gastronok
  5639 | D:8      | Reached skill level 17 in Axes
  5993 | D:9      | Found Zeni's Armour Emporium.
  6003 | D:9      | Reached skill level 18 in Axes
  6025 | D:9      | Bought the +1 pair of gloves of Raagioh {rN+ rCorr} for 368 gold pieces
  6077 | D:9      | Found a flagged portal.
  6086 | Bailey   | Entered a bailey
  6120 | Bailey   | Received a gift from Trog
  6249 | Bailey   | Identified the Compendium of Quantum Darkness
  6611 | D:9      | Noticed a two-headed ogre
  6621 | D:9      | Killed a two-headed ogre
  6795 | D:9      | Reached XP level 11. HP: 71/82 MP: 10/10
  6812 | D:9      | Got a transparent tin ring
  6814 | D:9      | Identified the ring of Mocasu {rElec MR- SInv Stlth+} (You found it on level 9 of the Dungeon)
  6868 | D:9      | Reached skill level 19 in Axes
  7131 | D:10     | Entered Level 10 of the Dungeon
  7132 | D:10     | Noticed Urug
  7143 | D:10     | Killed Urug
  7190 | D:10     | Found a staircase to the Orcish Mines.
  7190 | D:10     | Cast into level 1 of the Abyss (gnoll sergeant)
  7302 | Abyss:1  | Noticed a rakshasa
  7303 | Abyss:1  | Killed a rakshasa
  7324 | Abyss:1  | Noticed a starcursed mass
  7337 | Abyss:1  | Killed a starcursed mass
  7339 | Abyss:1  | Demolished by a large abomination

Vault maps used:
D:1:      lightli_arrival_maybe_door_vault
D:2:      marbit_many_paths, makhleb_blood_cavern_becter
D:3:      first_ration, chequers_ecumenical_altar_lobes, uniq_natasha
D:4:      minmay_temple_entry_purple_smoke, interstate_on_off
D:5:      gammafunk_temple_overflow_claw, serial_glass, glass_columns_b,
          glass_columns_b, glass_columns_c, glass_columns_a, glass_columns_a,
          glass_columns_a, glass_columns_a, glass_columns_b, glass_columns_a,
          glass_columns_b, glass_columns_a, glass_columns_a, glass_columns_a,
          glass_columns_b, basic_altar, uniq_duvessa, uniq_ijyb, uniq_sigmund
D:6:      cheibrodos_fertilizer, serial_shops, shop
D:8:      uniq_gastronok
D:9:      minmay_the_grid_triangle_9x9_rhombus_thin, serial_shops, shop_statue,
          enter_bailey_2
D:10:     erik_lair_dragon, kennysheep_orc_monster_closet_entryway,
          david_nohive_1, hangedman_decor_riveting, uniq_urug, uniq_fannar
Bailey:   bailey_axe_1, bailey

Skill      XL: |  1  2  3  4  5  6  7  8  9 10 11 |
---------------+----------------------------------+-----
Axes           | 4 5 6 8 10 11 13 16 18 19 | 19.8
Fighting       | |  3.6
Armour         | |  2.4
Dodging        | |  2.1

Action                   |  1- 3 |  4- 6 |  7- 9 | 10-12 || total
-------------------------+-------+-------+-------+-------++-------
Melee: Hand axe          |    64 |   138 |   413 |    53 ||   668
       Headbutt          |     4 |    26 |    85 |    38 ||   153
       Battleaxe         |       |       |       |   133 ||   133
Invok: Berserk           |     3 |     2 |     7 |     5 ||    17
       Brothers in Arms  |       |       |     1 |     4 ||     5
       Trog's Hand       |       |       |     1 |       ||     1
  Use: Scroll            |       |     4 |     6 |     1 ||    11
       Potion            |       |       |       |     6 ||     6
  Eat: Chunk             |     2 |     6 |    18 |    11 ||    37
       Ration            |       |       |       |     1 ||     1
Armor: Ring mail         |     7 |       |       |       ||     7
       Leather armour    |     2 |       |       |       ||     2
       Animal skin       |     2 |       |       |       ||     2
       Scale mail        |    13 |     8 |       |       ||    21
       Plate armour      |       |    80 |   173 |   191 ||   444
Dodge: Dodged            |    31 |    60 |   115 |   104 ||   310

Table legend:
 A = Spawn XP
 B = Non-spawn XP
 C = Spawn XP percentage of total XP
 D = Spawn monster count
 E = Non-spawn monster count
 F = Spawn count percentage of total count
 G = Total turns spent on level
                    A         B        C        D         E        F      G
               +---------+---------+-------+---------+---------+-------+---------
         Total |     170 |   15785 |   1.1 |       2 |     282 |   0.7 |  7339
               +---------+---------+-------+---------+---------+-------+---------
           D:1 |       0 |      61 |   0.0 |       0 |      34 |   0.0 |  1002
           D:2 |       0 |      82 |   0.0 |       0 |      13 |   0.0 |   604
           D:3 |       0 |     199 |   0.0 |       0 |      25 |   0.0 |   398
           D:4 |       0 |     972 |   0.0 |       0 |      21 |   0.0 |   981
           D:5 |       0 |     735 |   0.0 |       0 |      14 |   0.0 |   726
           D:6 |       0 |    1702 |   0.0 |       0 |      39 |   0.0 |   869
           D:7 |       0 |    1342 |   0.0 |       0 |      41 |   0.0 |   706
           D:8 |       0 |    3822 |   0.0 |       0 |      22 |   0.0 |   707
           D:9 |       0 |    3950 |   0.0 |       0 |      31 |   0.0 |   685
          D:10 |       0 |    1128 |   0.0 |       0 |       3 |   0.0 |    59
       Abyss:1 |     170 |    1172 |  12.7 |       2 |       7 |  22.2 |   149
        Bailey |       0 |     620 |   0.0 |       0 |      32 |   0.0 |   453
               +---------+---------+-------+---------+---------+-------+---------
